 Dungeon Crawl Stone Soup version 0.26-a0-646-g5d7718319a (webtiles) character file.

Game seed: 8302978517334829309

97 Pixllover the Chopper (level 4, -1/37 HPs)
             Began as a Ghoul Gladiator on Sept 24, 2020.
             Was an Initiate of Trog.
             Slain by an ogre
             ... wielding a +0 giant club
              (13 damage)
             ... on level 3 of the Dungeon.
             The game lasted 00:09:41 (1906 turns).

Pixllover the Chopper (Ghoul Gladiator)             Turns: 1906, Time: 00:09:42

Health: -1/37      AC: 10    Str: 18    XL:     4   Next: 68%
Magic:  3/3        EV:  2    Int:  3    God:    Trog [......]
Gold:   105        SH:  7    Dex: 10    Spells: 3/3 levels left

rFire    . . .     SeeInvis .   a - +0 war axe
rCold    + . .     Faith    .   l - +0 kite shield
rNeg     + + +     Spirit   .   b - +0 chain mail
rPois    ∞         Reflect  .   c - +0 helmet
rElec    .         Harm     .   (no cloak)
rCorr    .         Rampage  .   (no gloves)
MR       .....                  n - +0 pair of boots
Stlth    ..........             (no amulet)
HPRegen  0.00/turn              (no ring)
MPRegen  0.08/turn              (no ring)

@: constricted
A: rotting body, claws 1, cold resistance 1, negative energy resistance 3,
inhibited regeneration, torment resistance, unbreathing
a: Renounce Religion


You were on level 3 of the Dungeon.
You worshipped Trog.
Trog was noncommittal.
You visited 1 branch of the dungeon, and saw 3 of its levels.

You collected 105 gold pieces.

Inventory:

Hand Weapons
 a - a +0 war axe (weapon)
Missiles
 d - 3 throwing nets (quivered)
Armour
 b - a +0 chain mail (worn)
 c - a +0 helmet (worn)
 l - a +0 kite shield (worn)
 n - a +0 pair of boots (worn)
Jewellery
 f - an uncursed ring of magical power {unknown}
Scrolls
 k - a scroll of teleportation {unknown}
 m - a scroll of immolation {unknown}
Potions
 e - a potion of invisibility
 g - a potion of brilliance {unknown}
 h - 2 potions of curing {unknown}
 i - a potion of haste {unknown}
 j - a potion of ambrosia {unknown}


   Skills:
 + Level 2.5 Fighting
 + Level 3.8 Axes
 + Level 1.8 Throwing
 + Level 1.1 Armour
 + Level 3.3 Dodging
 + Level 0.2 Shields


You had 3 spell levels left.
You didn't know any spells.
Your spell library was empty.

Dungeon Overview and Level Annotations

Branches:
Dungeon (3/15)

Altars:
Trog


Innate Abilities, Weirdness & Mutations

Your body is rotting away.
You thrive by killing the living.
You are immune to poison.
You have sharp fingernails.
Your flesh is cold resistant. (rC+)
You are immune to negative energy. (rN+++)
You do not regenerate when monsters are visible.
You are immune to unholy pain and torment.
You can survive without breathing.


Message History

You block the ball python's attack. The ball python barely misses you.
A rat comes into view.
Okay, then.
You block the hobgoblin's attack. The ball python bites you.
The ball python barely misses you.
You closely miss the ball python. You barely miss the hobgoblin.
You block the hobgoblin's attack.
The ball python bites you but does no damage.
The ball python grabs you. The ball python constricts you.
The hobgoblin hits you with a +0 club.
Your shield and chain mail prevent you from hitting the ball python.
You closely miss the hobgoblin. You hit the ogre but do no damage.
The ball python bites you but does no damage.
The ball python constricts you. The ogre hits you with a +0 giant club!
The ball python bites you but does no damage.
The ball python constricts you. The hobgoblin hits you with a +0 club.
You barely miss the ball python. You hit the hobgoblin. You hit the ogre.
The ball python bites you. The ball python constricts you.
The ogre hits you with a +0 giant club!
You die...

### #.. #.#
##.# ..#
..#####.######.
..$....@.......
.####.OSg.#####
#.<.....#
#....>.......#
#####........#
#..♣.r..##
#.♣_♣..##
#..♣.... #.r
...##


You could see an ogre, a hobgoblin, a ball python and a rat.

Vanquished Creatures
  3 adders (D:2)
  3 oozes
  A worm (D:2)
  4 giant cockroaches
  4 goblins
  8 hobgoblins
  5 jackals
  4 kobolds
  2 quokkas (D:2)
  7 bats
  3 frilled lizards
  10 rats
54 creatures vanquished.

Notes
Turn   | Place    | Note
-------+----------+-------------------------------------------
     0 | D:1      | Pixllover the Ghoul Gladiator began the quest for the Orb.
     0 | D:1      | Reached XP level 1. HP: 17/17 MP: 0/0
    33 | D:1      | Reached XP level 2. HP: 20/24 MP: 1/1
   639 | D:1      | Reached XP level 3. HP: 29/29 MP: 2/2
  1235 | D:2      | Reached XP level 4. HP: 37/37 MP: 3/3
  1564 | D:2      | Reached skill level 1 in Armour
  1579 | D:2      | Found a bloodstained altar of Trog.
  1711 | D:2      | Became a worshipper of Trog the Wrathful
  1897 | D:3      | Found a faded altar of an unknown god.
  1898 | D:3      | Noticed an ogre
  1906 | D:3      | Slain by an ogre

Illustrated notes

Levels and vault maps discovered:
D:1:      minmay_arrival_shoal_huts, layout_basic
D:2:      minmay_chambers_of_twos, layout_basic, trog_three_pillars_becter
D:3:      layout_loops_ring, chequers_ecumenical_altar_simple

Skill      XL: |  1  2  3  4 |
---------------+-------------+-----
Dodging        | 3 |  3.3
Axes           | 3 |  3.8
Armour         | 1 |  1.1
Fighting       | |  2.5
Throwing       | |  1.8
Shields        | |  0.2

Action                   |  1- 3 |  4- 6 || total
-------------------------+-------+-------++-------
Melee: War axe           |   124 |    45 ||   169
  Use: Scroll            |     1 |       ||     1
Armor: Leather armour    |    17 |       ||    17
       Ring mail         |    29 |       ||    29
       Chain mail        |    51 |    46 ||    97
Dodge: Dodged            |   139 |    17 ||   156
Block: Kite shield       |    23 |    18 ||    41

Table legend: (Time is in decaauts)
 A = Elapsed time spent in this place.
 B = Non-inter-level travel time spent in this place.
 C = Inter-level travel time spent in this place.
 D = Time resting spent in this place.
 E = Time spent auto-exploring this place.
 F = Levels seen in this place.
 G = Mean time per level.
                   A        B        C        D        E       F      G
               +--------+--------+--------+--------+--------+-----+--------+
         Total |   1973 |   1960 |     13 |      0 |    750 |   3 |  657.7 |
       Dungeon |   1973 |   1960 |     13 |      0 |    750 |   3 |  657.7 |
               +--------+--------+--------+--------+--------+-----+--------+

Top non-repeatable levels by time:
     D:1: 1070 daAuts
     D:2: 891 daAuts
     D:3: 11 daAuts
